 Dungeon Crawl Stone Soup version 0.26.0-16-gc1dbca0489 (webtiles) character file.

Game seed: 1325455886848466249

762 littlecub the Skirmisher (level 7, -5/58 HPs)
             Began as a Demonspawn Fighter on Jan 20, 2021.
             Killed from afar by Ijyb (16 damage)
             ... with a bolt of acid
             ... on level 3 of the Dungeon.
             The game lasted 00:05:29 (3296 turns).

littlecub the Skirmisher (Demonspawn Fighter)       Turns: 3296, Time: 00:05:29

Health: -5/58      AC: 10    Str: 18    XL:     7   Next: 51%
Magic:  7/7        EV: 11    Int:  9    God:
Gold:   261        SH:  9    Dex: 13    Spells: 6/6 levels left

rFire    . . .     SeeInvis .   a - +0 flail
rCold    . . .     Faith    .   c - +0 kite shield
rNeg     . . .     Spirit   .   b - +0 scale mail
rPois    .         Reflect  .   (helmet restricted)
rElec    .         Harm     .   x - +1 cloak
rCorr    .         Rampage  .   f - +0 pair of gloves
Will     .....                  (no boots)
Stlth    ..........             o - amulet of regeneration
HPRegen  0.59/turn              e - +4 ring of evasion
MPRegen  0.10/turn              p - ring of flight

@: corroded
A: horns 2, iridescent scales 2, demonic guardian 1
a: Evoke Flight


You were on level 3 of the Dungeon.
You visited 1 branch of the dungeon, and saw 6 of its levels.

You collected 261 gold pieces.

Inventory:

Hand Weapons
 a - a +0 flail (weapon)
Missiles
 h - 7 atropa-tipped darts (quivered)
Armour
 b - a +0 scale mail (worn)
 c - a +0 kite shield (worn)
 f - a +0 pair of gloves (worn)
 x - a +1 cloak (worn)
Jewellery
 e - a +4 ring of evasion (left hand)
 o - an amulet of regeneration (around neck)
 p - a ring of flight (right hand)
Wands
 q - a wand of iceblast (5)
Scrolls
 g - a scroll of noise {unknown}
 i - a scroll of fog {unknown}
 j - 2 scrolls of magic mapping {unknown}
 l - a scroll of fear {unknown}
 m - 3 scrolls of remove curse {unknown}
 n - a scroll of blinking {unknown}
 r - 2 scrolls of identify {unknown}
 s - 2 scrolls of teleportation {unknown}
 t - 2 scrolls of enchant armour {unknown}
 w - a scroll of enchant weapon {unknown}
Potions
 d - a potion of flight {unknown}
 k - 5 potions of curing {unknown}
 u - a potion of attraction {unknown}
 v - 2 potions of brilliance {unknown}


   Skills:
 * Level 6.1 Fighting
 * Level 5.1 Maces & Flails
 + Level 4.3 Armour
 - Level 2.6 Shields


You had 6 spell levels left.
You didn't know any spells.
Your spell library was empty.

Dungeon Overview and Level Annotations

Branches:
Dungeon (6/15)
 Temple: D:4-7

Altars:
Makhleb
Nemelex Xobeh
Trog
Vehumet
Yredelemnul

Annotations:
D:3 Ijyb


Innate Abilities, Weirdness & Mutations

You have a pair of horns on your head.
You are mostly covered in iridescent scales. (AC +4)
A weak demonic guardian rushes to your aid.


Message History

You hit Ijyb. You headbutt Ijyb, but do no damage.
Ijyb is almost dead.
Ijyb closely misses you.
You miss Ijyb.
Ijyb is almost dead.
Ijyb hits you. Ijyb hits you but does no damage.
Your scale mail prevents you from hitting Ijyb.
Your headbutt misses Ijyb.
Ijyb is almost dead.
Ijyb zaps a wand.
The bolt of acid hits you. The acid corrodes you!
You are splashed with acid!
* * * LOW HITPOINT WARNING * * *
Your shield prevents you from hitting Ijyb.
You headbutt Ijyb, but do no damage.
Ijyb is almost dead.
Ijyb closely misses you.
You hit Ijyb but do no damage. Your headbutt misses Ijyb.
Ijyb is almost dead.
Ijyb zaps a wand.
The bolt of acid hits you!
You die...

#........###.......## ##.....##
#.##...#.##.........####.......#
#.#.......+.........'...........
#......#.##.........###.........
#..##.##.###.......## #.........
#).......# ##.....## ##.......#
##.####### ##...## ##.....## #.#
########'## ##...## #.#
#.......@# ##.## ###.##
#.######g# #.# .....# #.# #.#
#.# .##..####.#####...
#...............
##.####.........# #.#
###......## #.# #...### ..#
#....


You could see Ijyb.

Vanquished Creatures
  Grinder (D:3)
  Eustachio (D:4)
  An ogre (D:4)
  An orc wizard (D:2)
  A worker ant (D:4)
  A gnoll (D:1)
  4 adders
  3 worms
  3 dart slugs
  2 leopard geckos
  An orc (D:2)
  2 ball pythons
  4 giant cockroaches
  8 goblins
  6 hobgoblins
  5 jackals (D:2)
  10 bats
  7 frilled lizards
  10 kobolds
  4 rats
75 creatures vanquished.

Vanquished Creatures (collateral kills)
  Edmund (D:4)
  Purgy (D:3)
  An orc priest (D:2)
  An orc (D:2)
  A jackal (D:2)
5 creatures vanquished.

Grand Total: 80 creatures vanquished

Notes
Turn   | Place    | Note
-------+----------+-------------------------------------------
     0 | D:1      | littlecub the Demonspawn Fighter began the quest for the
                  | Orb.
     0 | D:1      | Reached XP level 1. HP: 18/18 MP: 1/1
   421 | D:1      | Gained mutation: You have a pair of small horns on your
                  | head. [demonic ancestry]
   421 | D:1      | Reached XP level 2. HP: 24/24 MP: 2/2
   590 | D:1      | Gained mutation: A weak demonic guardian rushes to your
                  | aid. [demonic ancestry]
   590 | D:1      | Reached XP level 3. HP: 6/29 MP: 3/3
  1263 | D:2      | Found a radiant altar of Vehumet.
  1306 | D:2      | Gained mutation: You are partially covered in iridescent
                  | scales. (AC +2) [demonic ancestry]
  1306 | D:2      | Reached XP level 4. HP: 27/37 MP: 4/4
  1312 | D:2      | Reached skill level 4 in Fighting
  1889 | D:2      | Found a sparkling altar of Nemelex Xobeh.
  2105 | D:3      | You fall into a shaft and drop 3 floors!
  2125 | D:6      | Gained mutation: You have a pair of horns on your head.
                  | [demonic ancestry]
  2125 | D:6      | Reached XP level 5. HP: 42/43 MP: 5/5
  2131 | D:5      | Entered Level 5 of the Dungeon
  2146 | D:4      | Noticed Edmund
  2161 | D:4      | Killed Edmund
  2246 | D:4      | Found a basalt altar of Yredelemnul.
  2498 | D:4      | Noticed Eustachio
  2511 | D:4      | Noticed an ogre
  2525 | D:4      | Killed Eustachio
  2526 | D:4      | Reached skill level 5 in Fighting
  2526 | D:4      | Reached XP level 6. HP: 12/51 MP: 6/6
  3010 | D:3      | Noticed Purgy
  3010 | D:3      | Noticed Grinder
  3015 | D:3      | Killed Purgy
  3016 | D:3      | Gained mutation: You are mostly covered in iridescent
                  | scales. (AC +4) [demonic ancestry]
  3016 | D:3      | Reached XP level 7. HP: 57/57 MP: 7/7
  3029 | D:3      | Killed Grinder
  3030 | D:3      | Reached skill level 6 in Fighting
  3030 | D:3      | Reached skill level 5 in Maces & Flails
  3096 | D:3      | Found a burning altar of Makhleb.
  3096 | D:3      | Found a bloodstained altar of Trog.
  3275 | D:3      | Noticed Ijyb
  3296 | D:3      | Killed from afar by Ijyb

Illustrated notes

Levels and vault maps discovered:
D:1:      minmay_arrival_plants_in_alcoves, layout_loops_ring,
          chequers_serial_rivers_large_a, hangedman_abyss_or_decor_stabs
D:2:      layout_rooms, nemelex_altar_shiori, vehumet_crystals,
          minmay_octomino_c4
D:3:      layout_loops_corners, gammafunk_temple_overflow_wave, uniq_grinder,
          uniq_purgy, uniq_natasha, uniq_ijyb
D:4:      layout_basic, old_standard_altar, uniq_edmund, uniq_eustachio
D:5:      layout_layer_cave, tso_oasis_becter, nicolae_overflow_crystal_walls,
          chequers_serial_rivers_small_b, uniq_duvessa
D:6:      layout_layer_cave, old_standard_altar, minmay_temple_entry_arrows

Skill      XL: |  1  2  3  4  5  6  7 |
---------------+----------------------+-----
Maces & Flails | 2 3 4 5 |  5.1
Armour         | 3 4 |  4.3
Fighting       | 4 5 6 |  6.1
Shields        | |  2.6

Action                   |  1- 3 |  4- 6 |  7- 9 || total
-------------------------+-------+-------+-------++-------
Melee: Flail             |    91 |   173 |    27 ||   291
       Headbutt          |    10 |    18 |     7 ||    35
Throw: Dart              |     8 |     9 |       ||    17
  Use: Potion            |       |     2 |       ||     2
 Stab: Distracted        |     1 |       |       ||     1
       Invisible         |       |     1 |       ||     1
Armor: Scale mail        |    41 |   101 |     9 ||   151
Dodge: Dodged            |    43 |   104 |     8 ||   155
Block: Kite shield       |    46 |    89 |     9 ||   144
